 Dungeon Crawl Stone Soup version 0.28-a0-1130-gc51a68064b (webtiles) character file.

Game seed: 6039955294510440050

317 Armakuni the Skirmisher (level 6, -5/51 HPs)
             Began as a Human Monk on Dec 12, 2021.
             Slain by a gnoll (10 damage)
             ... on level 4 of the Dungeon.
             The game lasted 00:10:40 (4234 turns).

Armakuni the Skirmisher (Human Monk)                Turns: 4234, Time: 00:10:41

Health: -5/51      AC:  3    Str: 14    XL:     6   Next: 74%
Magic:  6/6        EV: 12    Int: 10    God:
Gold:   136        SH:  0    Dex: 15    Spells: 5/5 levels left

rFire   . . .      SeeInvis +   a - +0 mace
rCold   . . .      Faith    .   (no shield)
rNeg    . . .      Spirit   .   k - +0 leather armour
rPois   .          Reflect  .   (no helmet)
rElec   .          Harm     .   (no cloak)
rCorr   .          Rampage  .   (no gloves)
Will    .....                   (no boots)
Stlth   ++........              (no amulet)
HPRegen 0.17/turn               I - ring of see invisible
MPRegen 0.10/turn               (no ring)

@: no status effects
A: no striking features
a: no special abilities


You were on level 4 of the Dungeon.
You visited 1 branch of the dungeon, and saw 5 of its levels.

You collected 136 gold pieces.

Inventory:

Hand Weapons
 a - a +0 mace (weapon)
Missiles
 b - 24 sling bullets
 c - 8 stones
 i - 12 poisoned darts (quivered)
 j - 6 silver javelins
Armour
 h - a +0 robe
 k - a +0 leather armour (worn)
Jewellery
 I - a ring of see invisible (left hand)
Scrolls
 d - 3 scrolls of amnesia
Potions
 f - a potion of cancellation
 g - a potion of curing
 m - a potion of brilliance {unknown}


   Skills:
 + Level 5.4 Fighting
 + Level 5.3 Maces & Flails
 - Level 3.0 Dodging
 - Level 2.0 Stealth


You had 5 spell levels left.
You didn't know any spells.
Your spell library was empty.

Dungeon Overview and Level Annotations

Branches:
Dungeon (5/15)
 Temple: D:4-7

Altars:

Shops:
D:1 (


Message History

The gnoll closely misses you.
You hit the gnoll but do no damage.
The gnoll is almost dead.
The gnoll closely misses you.
You hit the gnoll but do no damage.
The gnoll is severely wounded.
The gnoll misses you.
Okay, then.
Unknown command.
You hit the gnoll but do no damage.
The gnoll is severely wounded.
The gnoll hits you with a +0 halberd of protection!
* * * LOW HITPOINT WARNING * * *
You feel much better.
The gnoll hits you with a +0 halberd of protection!
You closely miss the gnoll.
The gnoll is severely wounded.
The gnoll misses you.
You hit the gnoll.
The gnoll is almost dead.
The gnoll closely misses you.
You hit the gnoll but do no damage.
The gnoll is almost dead.
The gnoll misses you.
You barely miss the gnoll.
The gnoll is almost dead.
The gnoll hits you with a +0 halberd of protection!
* * * LOW HITPOINT WARNING * * *
The gnoll hits you with a +0 halberd of protection!
* * * LOW HITPOINT WARNING * * *
You aren't carrying any items that you can evoke.
Okay, then.
Unknown command.
You closely miss the gnoll.
The gnoll is almost dead.
The gnoll barely misses you.
You hit the gnoll but do no damage.
The gnoll is almost dead.
The gnoll hits you with a +0 halberd of protection!
You die...
P P

#.....#.# P.
.P####.##.#
P.P.P........#
.).P####..#.#
PPPPP.P#.....#.#
ggg...P#.##..).#
PP..##.#..#
######.#g>#
#...@# ######


You could see a gnoll.

Vanquished Creatures
  A necrophage (D:4)
  A phantom (D:5)
  A water moccasin skeleton (D:5)
  3 adders
  A worm (D:2)
  2 dart slugs (D:1)
  3 orcs
  4 ball pythons
  11 endoplasms
  6 goblins
  6 hobgoblins
  5 jackals (D:1)
  5 kobolds
  3 quokkas (D:1)
  6 bats
  3 frilled lizards (D:2)
  5 rats
66 creatures vanquished.

Notes
Turn   | Place    | Note
-------+----------+-------------------------------------------
     0 | D:1      | Armakuni the Human Monk began the quest for the Orb.
     0 | D:1      | Reached XP level 1. HP: 18/18 MP: 1/1
    80 | D:1      | Found Zaasch's Weapon Shoppe.
   223 | D:1      | Reached XP level 2. HP: 24/24 MP: 2/2
   428 | D:1      | Reached XP level 3. HP: 15/29 MP: 3/3
  1704 | D:1      | Reached XP level 4. HP: 37/37 MP: 4/4
  3358 | D:3      | Reached XP level 5. HP: 42/42 MP: 5/5
  3513 | D:5      | Entered Level 5 of the Dungeon
  3583 | D:4      | Noticed a necrophage
  3603 | D:4      | Killed a necrophage
  3604 | D:4      | Reached XP level 6. HP: 50/50 MP: 6/6
  3660 | D:5      | Noticed a water moccasin
  3727 | D:5      | Reached skill level 5 in Fighting
  3727 | D:5      | Reached skill level 5 in Maces & Flails
  4234 | D:4      | Slain by a gnoll

Illustrated notes

Levels and vault maps discovered:
D:1:      dpeg_arrival_snail, layout_loops_corners, serial_shops,
          nicolae_shop_bloodbath_and_beyond
D:2:      layout_loops_ring, serial_aquarium, aquarium_bridge_square
          [aquarium_subvault_balcony, aquarium_subvault_wall,
          aquarium_subvault_bridge, aquarium_subvault_bridge],
          aquarium_window_fake, aquarium_window_1, aquarium_view_2e
D:3:      layout_rooms, mainiacjoe_overflow_cross_hatched,
          shapermc_ecumenical_altar_mp_vishouse
D:4:      layout_basic, demons_altar, minmay_hedge_maze, uniq_robin
D:5:      layout_loops_ring, nicolae_elemental_shop

Skill      XL: |  1  2  3  4  5  6 |
---------------+-------------------+-----
Fighting       | 4 5 |  5.4
Maces & Flails | 4 5 |  5.3
Dodging        | |  3.0
Stealth        | |  2.0

Action                   |  1- 3 |  4- 6 || total
-------------------------+-------+-------++-------
Melee: Mace              |   100 |   137 ||   237
       Whip              |       |    28 ||    28
Throw: Stone             |    27 |     8 ||    35
       Dart              |       |     9 ||     9
  Use: Scroll            |     4 |     3 ||     7
       Potion            |     1 |     3 ||     4
 Stab: Sleeping          |     5 |     6 ||    11
       Distracted        |       |     1 ||     1
Armor: Robe              |    12 |     6 ||    18
       Leather armour    |       |    11 ||    11
       Skin              |       |    15 ||    15
Dodge: Dodged            |    81 |    90 ||   171

Table legend: (Time is in decaauts)
 A = Elapsed time spent in this place.
 B = Non-inter-level travel time spent in this place.
 C = Inter-level travel time spent in this place.
 D = Time resting spent in this place.
 E = Time spent auto-exploring this place.
 F = Levels seen in this place.
 G = Mean time per level.
                   A        B        C        D        E       F      G
               +--------+--------+--------+--------+--------+-----+--------+
         Total |   4289 |   4150 |    139 |   1327 |   1645 |   5 |  857.8 |
       Dungeon |   4289 |   4150 |    139 |   1327 |   1645 |   5 |  857.8 |
               +--------+--------+--------+--------+--------+-----+--------+

Top non-repeatable levels by time:
     D:1: 1702 daAuts
     D:2: 1569 daAuts
     D:5: 519 daAuts
     D:4: 254 daAuts
     D:3: 244 daAuts
